Map: Acolyte LE

Players

A.I. 1 (Elite)

  • Race: Terran Terran
  • Spawn Location: 1:00

A.I. 2 (Elite) - Winner!

  • Race: Terran Terran
  • Spawn Location: 7:00

VOD

Have the link to the VOD?

Description

Time

  • Played on: Aug. 19, 2017, 10:10 p.m.
  • Length: 27:21
Show
View Real Time Build Order
Export as new Build Order

A.I. 1 (Elite) Terran 

Build Orders: MMM Bio 

Get SALT Encoding   

  12  0:01  SCV  
  13  0:13  SCV  
  14  0:19  Supply Depot  
  14  0:25  SCV  
  15  0:40  SCV  
  16  0:43  Barracks  
  16  0:53  SCV  
  17  1:05  SCV  
  18  1:17  Supply Depot, SCV  
  19  1:21  Refinery  
  19  1:29  Marine, SCV  
  21  1:41  SCV  
  22  1:47  Marine  
  22  1:50  Barracks  
  22  1:53  SCV  
  24  1:55  Refinery  
  24  2:04  Supply Depot  
  24  2:05  Marine, Orbital Command  
  25  2:23  Marine  
  26  2:30  SCV  
  27  2:40  Marine  
  27  2:43  SCV  
  29  2:44  Command Center  
  29  3:02  SCV  
  29  3:04  Factory  
  30  3:06  Marine  
  30  3:08  Marine  
  32  3:15  SCV  
  33  3:24  Marine  
  33  3:26  Marine  
  33  3:27  SCV  
  36  3:36  Barracks  
  36  3:39  SCV  
  37  3:43  Barracks Tech Lab  
  37  3:45  Barracks Tech Lab  
  37  3:51  SCV  
  37  3:53  Starport  
  37  3:54  Factory Tech Lab  
  38  3:56  SCV  
  39  4:03  SCV  
  39  4:06  Marine  
  39  4:09  Marine, SCV  
  43  4:14  Stimpack  
  43  4:15  SCV  
  44  4:19  Combat Shields  
  44  4:21  SCV  
  45  4:25  Supply Depot  
  45  4:26  Marine  
  45  4:27  Marine, SCV  
  48  4:33  SCV  
  48  4:37  Medivac  
  51  4:39  SCV  
  51  4:40  Marine  
  53  4:46  Orbital Command, Marine  
  53  4:47  Marine  
  53  4:51  SCV  
  56  4:59  Supply Depot  
  56  5:02  Supply Depot  
  56  5:03  SCV  
  56  5:06  Marauder  
  59  5:10  Marauder  
  61  5:27  Marauder  
  63  5:31  Marauder  
  65  5:39  Barracks Reactor, Engineering Bay  
  65  5:44  Command Center  
  65  5:49  Marauder  
  67  5:59  Marauder  
  69  6:05  Terran Infantry Weapons Level 1  
  69  6:10  Marauder  
  71  6:13  Engineering Bay  
  71  6:17  Supply Depot  
  71  6:21  Concussive Shells, Marauder  
  73  6:31  Siege Tank, Marauder  
  78  6:39  Terran Infantry Armor Level 1  
  78  6:40  Supply Depot  
  78  6:42  Marauder  
  80  7:00  Barracks  
  80  7:01  Starport Reactor  
  80  7:04  Siege Tank  
  83  7:13  Orbital Command  
  83  7:19  Missile Turret  
  83  7:21  Missile Turret  
  83  7:25  Command Center  
  83  7:36  Siege Tank, Medivac  
  88  7:43  Marauder  
  90  7:46  Marauder  
  92  7:56  Supply Depot  
  92  7:59  Missile Turret  
  92  8:07  Refinery  
  92  8:08  Siege Tank  
  92  8:12  Refinery  
  95  8:20  Missile Turret  
  95  8:35  SCV x3  
  95  8:37  SCV  
  95  8:40  Siege Tank, Refinery  
  102  8:47  SCV  
  102  8:48  SCV x2  
  105  8:49  Armory  
  105  8:50  SCV  
  106  8:59  SCV  
  106  9:00  Command Center  
  100  9:11  Widow Mine  
  65  9:36  Marine, Terran Infantry Weapons Level 2  
  66  9:39  Marine  
  66  9:41  Command Center  
  66  9:42  Marine  
  66  9:43  Marine  
  69  9:46  Marine  
  69  9:50  SCV  
  69  9:51  SCV  
  72  9:54  Marine, SCV  
  72  9:57  Marine  
  72  9:59  Marine  
  74  10:01  Marine  
  74  10:02  SCV  
  74  10:03  SCV  
  76  10:08  SCV  
  76  10:10  Marine  
  76  10:12  Marauder  
  80  10:14  SCV  
  80  10:15  Marine  
  80  10:17  SCV  
  80  10:20  SCV x2  
  79  10:24  Marine  
  79  10:26  SCV  
  79  10:27  Marine  
  82  10:30  SCV  
  82  10:32  SCV  
  82  10:33  SCV, Marauder  
  87  10:36  Marauder  
  87  10:38  SCV  
  87  10:42  SCV  
  91  10:45  SCV  
  91  10:46  Siege Tank, SCV  
  96  10:50  SCV  
  96  10:54  Missile Turret, SCV, Marauder  
  96  10:55  Planetary Fortress  
  101  10:57  SCV  
  101  10:59  SCV  
  101  11:02  Marauder  
  101  11:03  SCV  
  105  11:06  SCV  
  105  11:09  SCV  
  107  11:12  Missile Turret  
  107  11:14  Missile Turret  
  107  11:15  SCV  
  107  11:16  Missile Turret, SCV, Marauder  
  107  11:18  SCV  
  112  11:21  SCV  
  112  11:23  Medivac  
  112  11:24  Marauder  
  112  11:25  Marine  
  118  11:27  Marine, SCV  
  118  11:30  SCV x2  
  122  11:33  SCV  
  122  11:34  SCV  
  122  11:37  Marauder  
  126  11:41  Siege Tank  
  126  11:43  Planetary Fortress  
  126  11:45  Marauder  
  131  11:49  Supply Depot  
  131  11:51  Missile Turret  
  131  11:56  Terran Infantry Weapons Level 3  
  131  12:03  Medivac  
  131  12:05  Hi-Sec Auto Tracking  
  133  12:09  Factory  
  133  12:13  Widow Mine  
  133  12:15  Starport, Command Center  
  135  12:19  Supply Depot  
  135  12:27  Refinery  
  135  12:28  Refinery  
  135  12:34  Refinery x2  
  135  12:42  Hellion  
  135  12:43  Supply Depot  
  137  12:44  Terran Vehicle Weapons Level 1  
  137  12:48  Liberator  
  137  12:51  Liberator, Starport Tech Lab  
  137  12:53  Hellion  
  139  13:01  Armory  
  139  13:02  Building Armor  
  139  13:03  Siege Tank  
  145  13:08  SCV  
  145  13:12  Raven  
  150  13:14  Hellion  
  150  13:15  Missile Turret  
  150  13:17  Supply Depot  
  152  13:20  Missile Turret  
  152  13:22  Missile Turret  
  152  13:30  Liberator  
  152  13:32  Factory  
  152  13:34  Liberator  
  152  13:35  Factory Tech Lab  
  152  13:36  Hellion  
  152  13:38  Liberator  
  154  13:45  SCV  
  157  13:48  Missile Turret  
  157  13:49  Terran Vehicle And Ship Armor Level 1  
  157  13:53  Thor  
  157  13:54  SCV  
  169  13:57  Siege Tank, Supply Depot  
  165  14:06  Marauder x2  
  165  14:09  Marine  
  144  14:13  Liberator  
  144  14:16  Hellion  
  146  14:17  Liberator  
  146  14:19  Missile Turret  
  146  14:24  Command Center  
  146  14:27  Marauder  
  146  14:29  Hellion  
  153  14:36  Hellion  
  153  14:37  Raven, Widow Mine  
  162  14:38  Missile Turret, Infernal Pre-Igniter  
  162  14:43  Command Center  
  162  14:44  Terran Infantry Armor Level 2  
  162  14:47  Supply Depot  
  162  14:50  Siege Tank  
  165  14:54  Terran Vehicle Weapons Level 2  
  165  14:56  Missile Turret  
  165  14:57  Thor  
  171  15:06  Hellion, Refinery  
  173  15:13  Medivac  
  175  15:17  Medivac, Refinery  
  175  15:20  Medivac  
  179  15:22  Supply Depot  
  179  15:23  Hellion  
  179  15:28  Factory Tech Lab  
  181  15:39  Marine, Refinery  
  181  15:40  Marine  
  181  15:41  Hellion  
  185  15:44  Siege Tank  
  185  15:46  Hellion  
  190  15:57  Marine x2  
  190  15:58  Marine, Planetary Fortress, Refinery  
  190  16:01  Liberator  
  190  16:02  Marine, Thor, Liberator  
  190  16:03  Missile Turret  
  198  16:07  Missile Turret, Command Center  
  198  16:08  Hellion  
  198  16:10  Missile Turret  
  200  16:15  Raven  
  200  16:16  Hellion  
  198  16:21  Marauder  
  198  16:22  Marauder  
  189  16:29  Marine x2  
  148  16:41  Liberator  
  148  16:42  Marauder  
  148  16:43  Liberator, Marauder  
  152  16:55  Planetary Fortress  
  152  16:56  Hellion  
  152  16:59  Hellion  
  162  17:02  Viking  
  162  17:04  Marauder  
  162  17:05  Marauder  
  168  17:20  Refinery  
  168  17:25  Marauder  
  168  17:26  Marauder  
  172  17:32  Medivac  
  172  17:33  Missile Turret  
  174  17:38  Missile Turret  
  174  17:41  Medivac  
  174  17:43  Viking  
  178  17:45  Liberator  
  178  17:47  Marauder x2  
  182  17:52  Missile Turret  
  182  17:54  Liberator, Refinery  
  182  17:56  Liberator  
  182  18:03  SCV  
  182  18:04  SCV x3  
  182  18:05  SCV x3  
  184  18:07  Missile Turret  
  184  18:08  Marauder  
  184  18:09  Marauder  
  188  18:15  SCV  
  188  18:16  SCV  
  188  18:17  Missile Turret  
  188  18:18  Planetary Fortress, SCV  
  188  18:19  SCV  
  181  18:20  Marine x2  
  181  18:21  Marine  
  181  18:26  SCV  
  134  18:27  Liberator  
  134  18:29  Marine  
  134  18:30  Marine  
  134  18:31  Hellion  
  134  18:33  Siege Tank  
  104  18:36  Hellion  
  104  18:37  Marine  
  104  18:38  Marine, SCV x2  
  104  18:39  Marine  
  95  18:41  SCV  
  95  18:42  SCV  
  95  18:44  SCV  
  95  18:45  SCV, Command Center  
  95  18:47  Marauder  
  102  18:50  SCV  
  102  18:51  Marauder  
  102  18:52  Siege Tank  
  102  18:54  Viking  
  103  18:55  Marine  
  103  18:56  Viking  
  103  18:57  Hellion  
  94  19:10  Marine  
  94  19:11  Marine  
  94  19:14  Marine  
  94  19:15  Marine  
  94  19:16  Marine  
  81  19:22  Hellion  
  74  19:25  Hellion  
  74  19:28  Marine  
  74  19:31  Marine  
  69  19:33  Marine  
  69  19:34  Marine x2  
  59  19:41  SCV  
  59  19:43  Siege Tank, SCV  
  63  19:46  Marine  
  63  19:47  SCV  
  63  19:48  Marine  
  63  19:49  SCV  
  63  19:51  Marine, SCV  
  63  19:52  Marine x2  
  64  20:06  Marine, SCV  
  66  20:08  SCV  
  66  20:09  SCV x2, Marauder  
  66  20:10  SCV  
  66  20:15  Factory  
  66  20:18  SCV  
  66  20:20  SCV  
  64  20:21  SCV  
  64  20:23  SCV x2  
  58  20:30  Marine, SCV  
  58  20:33  SCV  
  60  20:35  SCV  
  60  20:36  SCV  
  58  20:45  SCV  
  46  21:06  SCV, Command Center  
  46  21:07  SCV  
  36  21:19  Barracks  
  35  21:26  Command Center  
  34  21:39  Command Center  
  22  21:59  Command Center  
  22  22:00  SCV x2  
  24  22:03  Barracks  
  23  22:15  Orbital Command, Barracks Tech Lab  
  22  22:22  Factory  
  23  22:46  Command Center  
  23  22:58  Command Center  
  19  23:19  Marine  
  20  23:29  SCV  
  20  23:32  Command Center  
  20  23:34  SCV  
  20  23:37  Marine  
  22  24:30  Command Center  
  16  25:04  SCV  
  15  25:19  Supply Depot  
  12  25:24  SCV  
  12  25:25  SCV  
  5  25:36  SCV  
  6  25:46  SCV  
  5  26:19  SCV  
  3  26:31  SCV  
  2  26:43  SCV  
  2  26:55  SCV  
Show
View Real Time Build Order
Export as new Build Order

A.I. 2 (Elite) Terran - Winner!

Build Orders: MMM Bio 

Get SALT Encoding   

  12  0:00  SCV  
  13  0:13  SCV  
  14  0:19  Supply Depot  
  14  0:25  SCV  
  15  0:40  SCV  
  16  0:43  Barracks  
  16  0:52  SCV  
  17  1:04  SCV  
  18  1:16  Supply Depot  
  18  1:17  SCV  
  19  1:22  Refinery  
  19  1:29  SCV  
  19  1:30  Marine  
  21  1:41  SCV  
  22  1:48  Marine  
  22  1:51  Barracks  
  22  1:53  SCV  
  24  1:55  Refinery  
  24  2:03  Supply Depot  
  24  2:05  Orbital Command  
  24  2:06  Marine  
  25  2:24  Marine  
  26  2:30  SCV  
  27  2:39  Command Center  
  27  2:42  SCV  
  27  2:43  Marine  
  29  3:01  Factory  
  29  3:02  SCV  
  29  3:05  Marine  
  30  3:07  Marine  
  32  3:14  SCV  
  33  3:23  Marine  
  33  3:25  Marine  
  33  3:26  SCV  
  36  3:33  Barracks  
  36  3:39  SCV  
  37  3:42  Barracks Tech Lab  
  37  3:44  Barracks Tech Lab  
  37  3:51  SCV x2  
  37  3:53  Starport, Factory Tech Lab  
  39  4:03  SCV x2  
  39  4:06  Marine  
  39  4:08  Marine  
  43  4:14  Stimpack  
  43  4:15  SCV x2  
  45  4:18  Combat Shields  
  45  4:25  Supply Depot  
  45  4:26  Marine  
  45  4:27  Orbital Command, SCV  
  45  4:28  Marine  
  48  4:36  Medivac  
  50  4:38  Marine  
  50  4:39  SCV  
  50  4:45  Marine  
  53  4:46  Marine  
  53  4:51  SCV  
  55  4:53  SCV  
  55  4:58  Supply Depot  
  56  5:01  Supply Depot  
  56  5:03  SCV  
  56  5:04  Marauder  
  59  5:08  Marauder  
  61  5:25  Marauder  
  63  5:29  Marauder  
  63  5:31  Engineering Bay  
  65  5:40  Engineering Bay, Command Center  
  65  5:47  Marauder  
  67  5:58  Marauder  
  67  5:59  Terran Infantry Weapons Level 1  
  69  6:05  Terran Infantry Armor Level 1, Barracks Reactor  
  69  6:08  Marauder  
  71  6:12  Supply Depot  
  71  6:20  Concussive Shells, Marauder  
  73  6:28  Siege Tank  
  73  6:29  Marauder  
  78  6:39  Supply Depot  
  78  6:41  Marauder  
  80  6:58  Barracks  
  80  7:00  Siege Tank  
  83  7:09  Orbital Command, Starport Reactor  
  83  7:11  Missile Turret  
  83  7:15  Missile Turret  
  83  7:19  Marauder  
  85  7:24  Command Center  
  85  7:32  Siege Tank  
  88  7:42  Refinery  
  88  7:45  Medivac  
  88  7:46  Marauder  
  88  7:47  Refinery  
  92  7:53  Missile Turret  
  91  8:04  Widow Mine  
  91  8:05  SCV x2  
  94  8:08  Supply Depot  
  94  8:10  SCV  
  96  8:17  SCV  
  96  8:18  Missile Turret  
  97  8:20  Armory  
  97  8:22  SCV  
  98  8:33  Siege Tank  
  101  8:36  SCV  
  101  8:37  SCV x3  
  105  8:48  SCV  
  105  8:49  SCV  
  105  8:50  SCV x2  
  109  9:01  SCV x2  
  109  9:02  SCV x2  
  113  9:04  Missile Turret, Widow Mine  
  113  9:08  Terran Infantry Weapons Level 2, Missile Turret  
  115  9:13  SCV  
  115  9:14  Command Center  
  113  9:20  Planetary Fortress  
  95  9:25  Marine  
  95  9:26  Marine  
  95  9:27  Marine  
  95  9:29  Marine  
  95  9:30  Marine  
  81  9:33  Siege Tank  
  81  9:36  SCV  
  81  9:37  SCV  
  85  9:39  SCV  
  85  9:43  Marine  
  85  9:44  Marauder  
  89  9:45  Marine  
  89  9:47  Marine  
  89  9:48  SCV  
  89  9:50  Marine  
  93  9:53  SCV  
  93  9:56  SCV  
  89  10:00  Marine  
  89  10:03  Marine  
  89  10:05  Marine  
  89  10:06  Marauder  
  90  10:08  Marine  
  89  10:15  Siege Tank  
  89  10:19  Marauder  
  89  10:21  Marine, Liberator, SCV  
  91  10:23  Marine  
  91  10:26  Marine  
  91  10:27  SCV x2, Marauder  
  99  10:28  SCV  
  99  10:29  SCV  
  99  10:32  Liberator  
  99  10:33  SCV  
  102  10:39  Marine, SCV  
  102  10:40  SCV, Marauder  
  102  10:41  SCV  
  102  10:42  SCV  
  112  10:49  Marauder  
  117  10:53  Marine  
  117  10:54  Marine  
  119  10:59  Siege Tank  
  119  11:02  Marauder  
  119  11:03  Missile Turret  
  119  11:04  Liberator  
  124  11:05  Planetary Fortress  
  124  11:09  Marine  
  124  11:10  Missile Turret, Marauder  
  127  11:11  Marine  
  127  11:13  Missile Turret  
  127  11:15  Supply Depot  
  128  11:23  Marauder  
  133  11:30  Refinery  
  133  11:31  Siege Tank, Marauder, Refinery  
  138  11:37  Missile Turret  
  138  11:38  Refinery  
  138  11:40  Refinery  
  138  11:43  Supply Depot  
  138  11:46  Terran Infantry Weapons Level 3  
  138  11:54  Command Center  
  138  12:02  Medivac  
  138  12:03  Siege Tank  
  138  12:06  Supply Depot  
  138  12:08  Missile Turret, Terran Vehicle Weapons Level 1  
  143  12:10  Missile Turret  
  143  12:17  Factory  
  143  12:20  Missile Turret  
  143  12:27  Armory  
  143  12:30  Infernal Pre-Igniter  
  143  12:36  Hellion  
  145  12:42  Supply Depot  
  145  12:50  Liberator  
  145  12:54  Missile Turret  
  145  12:57  Hellion  
  147  12:59  Widow Mine  
  147  13:04  Marine  
  150  13:09  Starport  
  150  13:11  Planetary Fortress  
  150  13:12  Supply Depot  
  153  13:14  Terran Vehicle And Ship Armor Level 1  
  153  13:17  Command Center, Refinery  
  153  13:18  Siege Tank  
  156  13:25  Factory  
  156  13:28  Missile Turret  
  156  13:29  Hellion  
  156  13:31  Missile Turret  
  156  13:34  Marine x3  
  159  13:36  Medivac  
  163  13:41  Missile Turret  
  163  13:43  Refinery  
  163  13:45  Starport Tech Lab  
  163  13:46  Liberator  
  163  13:48  Liberator  
  163  13:50  Medivac, Hellion, Factory Tech Lab  
  163  14:03  Liberator  
  163  14:07  Marine  
  163  14:08  Marine  
  163  14:09  Hellion, Widow Mine  
  160  14:11  Thor  
  148  14:25  Marauder  
  148  14:26  Marauder  
  148  14:30  Siege Tank  
  155  14:31  Terran Vehicle Weapons Level 2  
  155  14:35  Terran Infantry Armor Level 2  
  157  14:38  Hellion  
  157  14:40  Refinery  
  157  14:42  High Capacity Fuel Tanks  
  157  14:43  Marine x2  
  157  14:44  Marine  
  160  14:46  Marine, Raven  
  160  14:47  Marine  
  160  14:48  Planetary Fortress, Refinery  
  164  14:54  Thor  
  164  14:59  Cyclone  
  173  15:00  Missile Turret, Command Center  
  173  15:01  Marine  
  173  15:02  Siege Tank, Missile Turret  
  177  15:11  Marine, Missile Turret  
  178  15:17  Factory  
  178  15:25  Viking, Marine  
  178  15:27  Viking  
  183  15:29  Raven  
  183  15:32  Factory Tech Lab  
  183  15:34  Siege Tank  
  188  15:37  Widow Mine  
  190  15:50  Cyclone  
  190  15:55  Viking  
  195  16:00  Hellion  
  195  16:01  SCV x2  
  195  16:02  SCV x2, Marauder  
  195  16:03  Liberator, SCV, Marauder  
  200  16:09  SCV  
  200  16:10  Missile Turret  
  198  16:13  SCV x2  
  198  16:14  Liberator  
  198  16:15  SCV x2  
  198  16:16  SCV  
  198  16:17  Liberator  
  196  16:21  SCV  
  196  16:24  Marauder  
  196  16:25  SCV, Marauder  
  199  16:26  SCV  
  199  16:27  SCV  
  199  16:29  SCV  
  199  16:30  SCV  
  195  16:33  SCV  
  195  16:37  SCV  
  195  16:39  SCV  
  195  16:42  Siege Tank  
  195  16:45  Hellion  
  200  16:51  Terran Infantry Armor Level 3  
  200  16:55  Terran Vehicle Weapons Level 3, Command Center  
  200  17:05  Planetary Fortress, Command Center  
  200  17:18  Missile Turret  
  200  17:21  Missile Turret  
  200  17:30  Missile Turret  
  200  17:36  Terran Vehicle And Ship Armor Level 2  
  200  17:42  Missile Turret  
  200  17:57  Hellion  
  199  18:04  Siege Tank  
  199  18:06  Missile Turret  
  199  18:10  Liberator  
  199  18:19  Marauder x2  
  199  18:21  Planetary Fortress, Missile Turret  
  199  18:24  Viking, Missile Turret  
  196  18:27  Refinery  
  196  18:28  Hellion x2, Refinery  
  196  18:29  Siege Tank  
  196  18:30  Marine, Refinery  
  196  18:32  Refinery  
  196  18:33  Command Center  
  195  18:35  Marine  
  195  18:36  Viking  
  195  18:37  Cyclone  
  195  18:38  Refinery  
  195  18:40  Marauder  
  193  18:48  Marine  
  193  18:49  Hellion  
  193  18:53  Hellion  
  194  18:55  Marine  
  194  18:56  Marine  
  194  18:57  Marine, Planetary Fortress  
  194  19:01  Marine  
  194  19:02  Hellion  
  198  19:17  Medivac  
  198  19:22  Marine x2  
  198  19:32  Barracks Tech Lab, Barracks  
  198  19:33  Building Armor, Hi-Sec Auto Tracking  
  198  19:35  Marine x2  
  199  19:40  Marine, Fusion Core  
  200  19:53  Terran Vehicle And Ship Armor Level 3  
  200  19:57  Planetary Fortress, Refinery  
  200  20:11  Missile Turret  
  200  20:27  Missile Turret, Advanced Ballistics  
  200  20:30  Liberator  
  200  20:31  Missile Turret, Marauder  
  200  20:32  Marine, Marauder  
  200  20:33  Marauder  
  200  20:35  Marine, Refinery  
  199  20:37  Widow Mine  
  199  20:40  Marine  
  199  20:41  Widow Mine  
  196  20:44  Widow Mine  
  196  20:46  Widow Mine  
  198  20:50  Marine  
  198  20:53  Ghost Academy  
  197  21:22  Ghost  
  199  21:32  Marine, Raven  
  199  21:40  Marauder  
  199  21:51  Medivac  
  199  22:55  Raven  
  199  24:53  Liberator  
  199  25:03  Command Center  
  199  25:12  Marine x2  
  199  25:13  Marine  
  200  26:32  Planetary Fortress, Refinery  
  200  26:35  Missile Turret  
  200  26:46  Missile Turret  
  200  26:50  Missile Turret  
  200  26:51  Refinery  
Tags
 
Composition
MMM BioMMM Bio
Matchup
TvT
Race
Terran
Spawn Locations
Cross Positions
Add a new tag
Caveats
  • Supply blocks, unpowered buildings, or Contaminate may cause inaccurate times.
  • Supply counts are checked every 10 seconds.